 Dungeon Crawl Stone Soup version 0.32-a0-33-g74fbe469d6 (webtiles) character file.

Game seed: 16971123519244849510

35 pokeman the Magician (level 3, -1/20 HPs)
             Began as a Deep Elf Hedge Wizard on Jan 20, 2024.
             Slain by Terence
             ... wielding a +0 trident
              (11 damage)
             ... on level 2 of the Dungeon.
             The game lasted 00:02:28 (1547 turns).

pokeman the Magician (Deep Elf Hedge Wizard)        Turns: 1547, Time: 00:02:29

Health: -1/20      AC:  2    Str:  7    XL:     3   Next: 16%
Magic:  7/11       EV: 12    Int: 20    God:
Gold:   149        SH:  0    Dex: 14    Spells: 4/12 levels left

rFire   . . .        a - +0 dagger
rCold   . . .        (no shield)
rNeg    . . .        b - +0 robe
rPois   .            c - +0 hat
rElec   .            (no cloak)
rCorr   .            (no gloves)
SInv    .            (no boots)
Will    .....        (no amulet)
Stlth   ++           (no ring)
HPRegen 0.23/turn    (no ring)
MPRegen 0.12/turn

%: no passive effects
@: no status effects
A: no striking features
a: no special abilities


You were on level 2 of the Dungeon.
You visited 1 branch of the dungeon, and saw 2 of its levels.

You collected 149 gold pieces.

Inventory:

Hand Weapons
 a - a +0 dagger (weapon)
Armour
 b - a +0 robe (worn)
 c - a +0 hat (worn)
Scrolls
 e - 2 scrolls of identify {unknown}
 j - a scroll of fear {unknown}
Potions
 d - a potion of magic
 f - a potion of brilliance {unknown}
 g - a potion of might {unknown}
 h - a potion of attraction {unknown}
 i - a potion of curing {unknown}


   Skills:
 + Level 0.8 Fighting
 + Level 0.8 Armour
 - Level 2.4 Dodging
 - Level 2.4 Stealth
 * Level 5.1 Spellcasting
 + Level 1.7 Conjurations
 - Level 1.1 Summonings
 - Level 1.1 Translocations


You had 4 spell levels left.
You knew the following spells:

 Your Spells              Type           Power      Damage    Failure   Level
a - Magic Dart            Conj           48%        1d5       5%          1
b - Mephitic Cloud        Conj/Alch/Air  7%         N/A       26%         3
c - Call Imp              Summ           18%        N/A       11%         2
d - Blink                 Tloc           18%        N/A       11%         2

Your spell library contained the following spells:

 Spells                   Type           Power      Damage    Failure   Level
 Slow                     Hex            20%        N/A       12%         1
 Cigotuvi's Dreadful Rot  Necr/Alch/Air  10%        N/A       17%         2


Dungeon Overview and Level Annotations

Branches:
Dungeon (2/15)

Altars:

Shops:
D:2 *

Annotations:
D:2 Terence


Message History

e - 2 scrolls labelled RAJADGH XUGGEDI (gained 1) Terence is nearby!
You now have 149 gold pieces (gained 14).
Casting: Magic Dart (safe; 5% risk of failure)
Confirm with . or Enter, or press ? or * to list all spells.
Aiming: Mephitic Cloud (extremely dangerous; 26% risk of failure)
Press: ? - help, Shift-Dir - straight line, f - Terence
Aim: Terence, wielding a +0 trident, wearing a +0 ring mail and carrying a wand of flame (chance to affect: 91%)
The ball explodes into a vile cloud!
The stinking cloud engulfs Terence.
Terence is engulfed in noxious fumes.
Terence appears confused.
Unknown command.
Casting: Mephitic Cloud (extremely dangerous; 26% risk of failure)
Confirm with . or Enter, or press ? or * to list all spells.
A tiny devil pulls itself out of the air.
Found a stone staircase leading up and a stone staircase leading down.
Terence closely misses you.
You hit Terence.
Terence is lightly wounded.
Terence barely misses you.
You hit Terence but do no damage.
Terence is lightly wounded.
Your cerulean imp hits Terence but does no damage.
You hit Terence.
Terence is moderately wounded.
Your cerulean imp hits Terence but does no damage.
Terence hits you with a +0 trident!
You hit Terence but do no damage.
Terence is moderately wounded.
Your cerulean imp hits Terence but does no damage.
Terence hits you with a +0 trident.
You barely miss Terence.
Terence is moderately wounded.
Your cerulean imp hits Terence but does no damage.
You catch the helpless Terence completely off-guard!
You hit Terence.
Terence is moderately wounded.
Your cerulean imp closely misses Terence.
Terence hits you with a +0 trident!
Ouch! That really hurt!
You die...

####### #.# >. ##...#..
#.# ... ....#<# #.#
#.##...#.## #.###.#
#.§☼§.....# ......####
#.°○○.....# #........#
.........#^##... ...#
#####............#####.#
.......@#### #.##.....
#####.@.5..# ##.##.##.#
######.####..##.##.#
#..............#
#....####....<## #....#
#.....# #....# #.....#
#.###. ####..# #. #. ..#


You could see Terence (confused, ally target) and a friendly cerulean imp
(summoned).

Vanquished Creatures
  A ball python (D:1)
  4 endoplasms
  2 hobgoblins (D:1)
  5 kobolds
  2 quokkas (D:2)
  5 bats
  3 frilled lizards (D:1)
  6 goblins
  4 rats
32 creatures vanquished.

Notes
Turn   | Place    | Note
-------+----------+-------------------------------------------
     0 | D:1      | pokeman the Deep Elf Hedge Wizard began the quest for the
                  | Orb.
     0 | D:1      | Reached XP level 1. HP: 10/10 MP: 7/7
   127 | D:1      | You fall into a shaft and drop 1 floor!
   127 | D:2      | Found Xeuthyar's General Store.
   377 | D:2      | Reached XP level 2. HP: 15/15 MP: 3/9
   513 | D:2      | Noticed Terence
   890 | D:1      | Reached skill level 5 in Spellcasting
  1163 | D:1      | Reached XP level 3. HP: 20/20 MP: 7/11
  1167 | D:1      | Learned a level 3 spell: Mephitic Cloud
  1170 | D:1      | Learned a level 2 spell: Call Imp
  1173 | D:1      | Learned a level 2 spell: Blink
  1547 | D:2      | Slain by Terence

Illustrated notes

Levels and vault maps discovered:
D:1:      dpeg_arrival_erosion, layout_basic
D:2:      layout_loops_cross, serial_shops, shop_coins, minivault_24,
          minmay_tromino_v4_b, uniq_terence

Skill      XL: |  1  2 |
---------------+-------+-----
Spellcasting   | 5 |  5.1
Fighting       | |  0.8
Armour         | |  0.8
Dodging        | |  2.4
Stealth        | |  2.4
Conjurations   | |  1.7
Summonings     | |  1.1
Translocations | |  1.1

Action                     || total
---------------------------++-------
  Melee: Dagger            ||    12
   Cast: Magic Dart        ||    65
         Mephitic Cloud    ||     1
         Call Imp          ||     1
   Stab: Confused          ||     1
 Armour: Robe              ||    14
  Dodge: Dodged            ||    17

Table legend: (Time is in decaauts)
 A = Elapsed time spent in this place.
 B = Non-inter-level travel time spent in this place.
 C = Inter-level travel time spent in this place.
 D = Time resting spent in this place.
 E = Time spent auto-exploring this place.
 F = Levels seen in this place.
 G = Mean time per level.
                   A        B        C        D        E       F      G
               +--------+--------+--------+--------+--------+-----+--------+
         Total |   1547 |   1532 |     15 |      0 |   1306 |   2 |  773.5 |
       Dungeon |   1547 |   1532 |     15 |      0 |   1306 |   2 |  773.5 |
               +--------+--------+--------+--------+--------+-----+--------+

Top non-repeatable levels by time:
     D:1: 975 daAuts
     D:2: 572 daAuts
